 Dungeon Crawl Stone Soup version 0.17.0-9-g801d43b (webtiles) character file.

343 HungrySpirit the Scratcher (level 6, -2/25 HPs)
             Began as a Felid Transmuter on Nov 9, 2015.
             Was a Follower of Nemelex Xobeh.
             Slain by a phantom (8 damage)
             ... on level 5 of the Dungeon.
             The game lasted 00:07:23 (5523 turns).

HungrySpirit the Scratcher (Felid Transmuter)       Turns: 5523, Time: 00:07:23

Health: -2/25      AC:  2    Str:  6    XL:     6   Next: 31%
Magic:  10/12      EV: 19    Int: 16    God:    Nemelex Xobeh [*.....]
Gold:   255        SH:  0    Dex: 17    Spells: 3 memorised, 4 levels left
                                        Lives:  0   Deaths: 1

rFire  . . .     SeeInvis +       - Unarmed
rCold  . . .     Clarity  .     (armour unavailable)
rNeg   . . .     SustAt   .     (shield unavailable)
rPois  .         Gourm    .     (helmet unavailable)
rElec  .         Spirit   .     (cloak unavailable)
rCorr  .         Warding  .     (gloves unavailable)
rMut   .         Stasis   .     (boots unavailable)
MR     .....                    (no amulet)
Stlth  ++........               (no ring)
                                (no ring)

@: quick, not resistant to hostile enchantments, unstealthy
A: no armour, no weapons or thrown items, claws 1, fangs 3, see invisible,
carnivore 3, speed 1, shaggy fur 2, slow metabolism 1, sharp paws
a: Renounce Religion


You were on level 5 of the Dungeon.
You worshipped Nemelex Xobeh.
Nemelex Xobeh was aware of your devotion.
You were full.

You visited 1 branch of the dungeon, and saw 5 of its levels.

You collected 255 gold pieces.

Inventory:

Missiles
 a - 40 arrows
 w - 12 arrows of frost
Jewellery
 t - a cursed ring of teleportation {unknown}
Scrolls
 d - 6 scrolls of identify {unknown}
 j - a scroll of enchant weapon {unknown}
 l - 2 scrolls of fog {unknown}
 m - a scroll of immolation {unknown}
 n - a scroll of recharging {unknown}
 o - 2 scrolls of teleportation {unknown}
 q - 2 scrolls of magic mapping {unknown}
 u - a scroll of blinking {unknown}
 x - a scroll of enchant armour {unknown}
Potions
 e - 2 potions of haste {unknown}
 f - a potion of heal wounds {unknown}
 g - 2 potions of agility {unknown}
 h - a potion of might {unknown}
 i - 2 potions of curing
 s - a potion of flight {unknown}
Books
 b - a book of Changes

   Spells                             Type                      Level
   a - Beastly Appendage              Transmutation                1
   b - Sticks to Snakes               Transmutation                2
   c - Spider Form                    Transmutation/Poison         3
   d - Ice Form                       Ice/Transmutation            4
   e - Blade Hands                    Transmutation                5
Miscellaneous
 r - a plain deck of war {drawn: 1}
 v - a plain deck of destruction {drawn: 7}
Comestibles
 c - 4 meat rations
 k - a royal jelly
 p - a beef jerky


   Skills:
 - Level 1.0 Fighting
 + Level 4.0 Dodging
 * Level 5.6 Unarmed Combat
 + Level 3.3 Spellcasting
 * Level 5.2 Transmutations


You had 4 spell levels left.
You knew the following spells:

 Your Spells              Type           Power        Failure   Level  Hunger
a - Beastly Appendage     Trmt           ###...       1%          1    None
b - Sticks to Snakes      Trmt           ###.......   3%          2    ##.....
c - Ice Form              Ice/Trmt       ##......     75%         4    ####...


Dungeon Overview and Level Annotations

Branches:
Dungeon (5/15)             Temple (0/1) D:4

Altars:
Ashenzari
Cheibriados
Fedhas
Makhleb
Nemelex Xobeh
Trog
Xom
Zin


Innate Abilities, Weirdness & Mutations

You cannot wear armour.
You are incapable of wielding weapons or throwing items.
You have sharp claws.
You have razor-sharp teeth.
You have supernaturally acute eyesight.
You are carnivorous and can eat meat at any time.
You cover ground quickly.
You are covered in thick fur (AC +2).
You have a slow metabolism.
Your sharp claws are effective at attacking unaware monsters.


Message History

You are too injured to fight recklessly!
You are too injured to fight recklessly!
You are too injured to fight recklessly!
Casting: Beastly Appendage
Confirm with . or Enter, or press ? or * to list all spells.
You create 2 snakes!
You scratch the phantom. Your bite misses the phantom.
The phantom is severely damaged.
The phantom misses you.
Your ball python barely misses the phantom.
Your ball python closely misses the phantom.
Your ball python completely misses the phantom.
You scratch the phantom.
The phantom is severely damaged.
Your ball python misses the phantom. x2
You barely miss the phantom.
The phantom is severely damaged.
The phantom hits you!
You die...
Your body disappears without a glow.

...#
#..######### ###
#..#)..........#
#...............
#.##(#######.#.#
....<# ###.#.#
##. ..####
#...#.# ... ##^#
#.#.#.####.#
.####
#....SW@...#
##....#
#....S.#.###..
..###.#
##.._.!.....##
..)...#
#.....>.....#
####..#
#.....#.####.#
.# #..#
#.#.###.# .
.###..#
#.......#
......#
###.#####
####.## #.#


You could see a phantom and 2 friendly ball pythons.

Vanquished Creatures
  A centaur (D:5)
  Blork the orc (D:5)
  A crimson imp (D:5)
  A giant frog skeleton (D:4)
  2 hounds (D:4)
  Terence (D:2)
  2 centaur skeletons
  An iguana (D:4)
  7 adders
  A gnoll (D:5)
  A shadow imp (D:5)
  2 worms
  2 adder skeletons (D:4)
  2 giant geckos
  2 orcs
  6 giant cockroaches
  7 hobgoblins
  A jackal (D:2)
  8 kobolds
  8 bats
  4 giant newts
  5 goblins
  A jackal skeleton (D:4)
  3 quokkas
  6 rats
76 creatures vanquished.

Vanquished Creatures (collateral kills)
  A jelly (D:4)
  A centaur skeleton (D:4)
2 creatures vanquished.

Grand Total: 78 creatures vanquished

Notes
Turn   | Place    | Note
--------------------------------------------------------------
     0 | D:1      | HungrySpirit the Felid Transmuter began the quest for the Orb.
     0 | D:1      | Reached XP level 1. HP: 9/9 MP: 4/4
   411 | D:1      | Reached XP level 2. HP: 12/12 MP: 6/6
  1003 | D:2      | Learned a level 2 spell: Sticks to Snakes
  1187 | D:2      | Noticed Terence
  1205 | D:2      | Killed Terence
  1205 | D:2      | Reached XP level 3. HP: 5/15 MP: 7/7
  1792 | D:2      | Found a bloodstained altar of Trog.
  2003 | D:2      | Found a burning altar of Makhleb.
  2003 | D:2      | Found a snail-covered altar of Cheibriados.
  2100 | D:2      | Reached XP level 4. HP: 19/19 MP: 6/8
  2394 | D:3      | Found a sparkling altar of Nemelex Xobeh.
  2407 | D:3      | Found a shattered altar of Ashenzari.
  2411 | D:3      | Became a worshipper of Nemelex Xobeh the Trickster
  2459 | D:3      | Received a gift from Nemelex Xobeh
  2468 | D:3      | Learned a level 4 spell: Ice Form
  2564 | D:3      | Reached skill level 4 in Unarmed Combat
  2758 | D:3      | Found a glowing silver altar of Zin.
  3343 | D:4      | Reached XP level 5. HP: 22/22 MP: 8/10
  3424 | D:4      | Found a blossoming altar of Fedhas.
  3621 | D:4      | Gained mutation: You are covered in thick fur (AC +2). [Felid growth]
  3621 | D:4      | Reached XP level 6. HP: 17/25 MP: 11/11
  3871 | D:4      | Reached * piety under Nemelex Xobeh
  3876 | D:4      | Reached skill level 5 in Unarmed Combat
  3966 | D:4      | Found a staircase to the Ecumenical Temple.
  4557 | D:5      | Entered Level 5 of the Dungeon
  4579 | D:5      | Noticed Blork the orc
  4591 | D:5      | Killed Blork the orc
  5151 | D:5      | Received a gift from Nemelex Xobeh
  5262 | D:5      | Slain by a centaur
  5263 | D:5      | Reached XP level 5. HP: -5/22 MP: 10/10
  5284 | D:5      | Reached skill level 5 in Transmutations
  5284 | D:5      | Reached XP level 6. HP: 12/25 MP: 7/11
  5485 | D:5      | Found a shimmering altar of Xom.
  5523 | D:5      | Slain by a phantom

Action                   |  1- 3 |  4- 6 || total
-------------------------+-------+-------++-------
Melee: Unarmed           |    98 |   171 ||   269
 Cast: Beastly Appendage |    12 |    23 ||    35
       Sticks to Snakes  |       |     3 ||     3
Evoke: Deck              |       |     8 ||     8
  Use: Potion            |       |     1 ||     1
 Stab: Sleeping          |     2 |     5 ||     7
  Eat: Chunk             |    10 |     8 ||    18
